 Dungeon Crawl Stone Soup version 0.17-a0-1515-gfae3d72 (webtiles) character file.

4552 George the Covered (level 10, 0/79 HPs)
             Began as a Human Fighter on July 12, 2015.
             Was a Believer of the Shining One.
             Killed by nerve-wracking pain
             ... invoked by a shadow imp
              (14 damage)
             ... on level 9 of the Dungeon.
             The game lasted 00:28:46 (10724 turns).

George the Covered (Human Fighter)                 Turns: 10724, Time: 00:28:46

Health: 0/79       AC: 12    Str: 19    XL:     10   Next: 67%
Magic:  14/14      EV:  4    Int:  9    God:    the Shining One [**....]
Gold:   4          SH: 11    Dex: 13    Spells: 0 memorised, 9 levels left

rFire  . . .     SeeInvis .     n - +1 falchion (slice)
rCold  . . .     Clarity  .     l - +0 plate armour
rNeg   + + .     SustAt   .     c - +0 shield
rPois  +         Gourm    .     s - +0 helmet
rElec  .         Spirit   .     x - +1 cloak
rCorr  .         Warding  +     m - +0 pair of gloves
rMut   .         Stasis   .     y - +1 pair of boots {run}
MR     +....                    C - amulet of warding
Stlth  ..........               j - ring of protection from magic
                                E - ring of poison resistance

@: corroded equipment, glowing, quick, somewhat resistant to hostile
enchantments, extremely unstealthy
A: no striking features
a: Divine Shield, Renounce Religion


You were on level 9 of the Dungeon.
You worshipped the Shining One.
The Shining One was pleased with you.
You were very hungry.

You visited 2 branches of the dungeon, and saw 10 of its levels.

You collected 460 gold pieces.
You spent 456 gold pieces at shops.

Inventory:

Hand weapons
 n - a +1 falchion of slicing (weapon)
Armour
 c - a +0 shield (worn)
 l - a +0 plate armour (worn)
 m - a +0 pair of gloves (worn)
 s - a +0 helmet (worn)
 x - a +1 cloak (worn)
 y - a +1 pair of boots of running (worn)
Jewellery
 b - an uncursed ring of ice
 j - a ring of protection from magic (right hand)
 C - an amulet of warding (around neck)
 E - a ring of poison resistance (left hand)
Scrolls
 g - a scroll of teleportation
 i - 3 scrolls of enchant weapon
 k - 4 scrolls of fear
 r - a scroll of enchant armour
 v - 3 scrolls of remove curse
 z - a scroll of fog
Potions
 a - a potion of beneficial mutation {unknown}
 d - 3 potions of might
 f - 2 potions of heal wounds
 h - 2 potions of magic
 p - a potion of flight
 t - 4 potions of agility
 w - 4 potions of curing
 A - 2 potions of haste
Books
 o - a book of Hinderance

   Spells                             Type                      Level
   a - Confusing Touch                Hexes                        2
   b - Confuse                        Hexes                        3
   c - Gell's Gravitas                Hexes/Translocation          3
   d - Petrify                        Transmutation/Earth          4
   e - Metabolic Englaciation         Hexes/Ice                    5
Comestibles
 e - 6 bread rations
 q - a meat ration
 u - 3 beef jerkies
 B - 7 fruits
 D - 10 royal jellies


   Skills:
 + Level 7.4 Fighting
 + Level 7.1 Long Blades
 + Level 7.6 Armour
 + Level 0.4 Dodging
 + Level 7.5 Shields
 + Level 6.2 Invocations


You had 9 spell levels left.
You didn't know any spells.

Dungeon Overview and Level Annotations

Branches:
Dungeon (9/15)             Temple (1/1) D:4            Lair (0/8) D:9
    Orc: D:9-12

Altars:
Ashenzari
Cheibriados
Dithmenos
Elyvilon
Fedhas
Gozag
Kikubaaqudgha
Makhleb
Nemelex Xobeh
Okawaru
Qazlal
Ru
Sif Muna
Trog
Vehumet
Xom
Yredelemnul
Zin
The Shining One

Shops:
D:8 !*


Message History

You hit the jelly but do no damage. The acid corrodes you!
Your hands burn!
* * * LOW HITPOINT WARNING * * *
The centaur zombie hits you but does no damage.
The jelly hits you but does no damage. You block the centaur zombie's attack.
The shadow imp hits you but does no damage.
You hit the jelly but do no damage.
Your hands burn!
* * * LOW HITPOINT WARNING * * *
You block the jelly's attack. The centaur zombie hits you.
* * * LOW HITPOINT WARNING * * *
Your plate armour prevents you from hitting the shadow imp.
The shadow imp hits you.
* * * LOW HITPOINT WARNING * * *
You hit the shadow imp but do no damage.
The shadow imp hits you but does no damage.
You hit the shadow imp but do no damage.
The shadow imp hits you but does no damage.
You hit the shadow imp but do no damage.
The shadow imp gestures at you. Pain shoots through your body!
You die...

.............###.........
##.....####....#.......
##....# #..###.......
#...## ##.# ##......
#..### ###.# ##...###
###....###...###....#
#..###......#......##
###.###5Z...####...#
####@###### ###.# #.##
### #.# ###


You could see a shadow imp and a centaur zombie.

Vanquished Creatures
  A two-headed ogre (D:6)
  A hungry ghost (D:8)
  2 hippogriffs (D:8)
  2 soldier ants (D:8)
  3 orc warriors
  A sky beast (D:4)
  A black bear (D:6)
  2 spiders (D:8)
  A wasp (D:8)
  2 phantoms
  4 ogres
  A crocodile (D:8)
  2 centaurs
  A big kobold (D:8)
  6 giant frogs
  A gnoll sergeant (D:8)
  5 scorpions
  6 crimson imps
  2 killer bees (D:8)
  3 jellies
  A giant frog zombie (D:8)
  Crazy Yiuf (D:2)
  4 orc priests (D:6)
  5 iguanas
  A centaur zombie (D:7)
  5 worker ants
  A giant frog skeleton (D:5)
  6 orc wizards
  A killer bee zombie (D:8)
  A hound skeleton (D:4)
  14 gnolls
  A worker ant zombie (D:8)
  10 adders
  An adder skeleton (D:6)
  2 adder zombies (D:8)
  2 worms (D:3)
  3 giant geckos
  19 orcs
  A ball python (D:3)
  14 bats
  A bat skeleton (D:5)
  8 giant cockroaches
  5 goblins
  20 hobgoblins
  10 jackals
  20 kobolds
  A quokka (D:8)
  A giant gecko skeleton (D:7)
  2 giant newts
  25 rats
233 creatures vanquished.

Notes
Turn   | Place    | Note
--------------------------------------------------------------
     0 | D:1      | George the Human Fighter began the quest for the Orb.
     0 | D:1      | Reached XP level 1. HP: 18/18 MP: 1/1
   100 | D:1      | Reached XP level 2. HP: 21/24 MP: 2/2
   623 | D:1      | Reached XP level 3. HP: 29/29 MP: 3/3
   974 | D:2      | Reached XP level 4. HP: 22/35 MP: 4/4
  1895 | D:2      | Reached XP level 5. HP: 41/41 MP: 5/5
  1974 | D:2      | Noticed Crazy Yiuf
  1982 | D:2      | Killed Crazy Yiuf
  2098 | D:3      | Reached skill level 4 in Shields
  2387 | D:3      | Found a shattered altar of Ashenzari.
  2390 | D:3      | Found a basalt altar of Yredelemnul.
  2482 | D:3      | Reached XP level 6. HP: 48/48 MP: 6/6
  3045 | D:4      | Found a blossoming altar of Fedhas.
  3406 | D:4      | Reached XP level 7. HP: 44/55 MP: 7/7
  3731 | D:4      | Found a staircase to the Ecumenical Temple.
  3739 | Temple   | Entered the Ecumenical Temple
  3907 | Temple   | Became a worshipper of the Shining One
  3950 | D:4      | Noticed a sky beast
  3961 | D:4      | Killed a sky beast
  4257 | D:4      | Found a sacrificial altar of Ru.
  4361 | D:5      | Entered Level 5 of the Dungeon
  4368 | D:5      | Reached skill level 5 in Shields
  4368 | D:5      | Reached skill level 1 in Invocations
  4618 | D:5      | Reached skill level 5 in Fighting
  4618 | D:5      | Reached XP level 8. HP: 58/62 MP: 7/9
  4629 | D:5      | Reached skill level 5 in Armour
  5957 | D:6      | Noticed an angel
  5958 | D:6      | Found a shimmering altar of Xom.
  5966 | D:6      | Found a glowing silver altar of Zin.
  6185 | D:6      | Reached skill level 5 in Long Blades
  6222 | D:6      | Found an ancient bone altar of Kikubaaqudgha.
  6237 | D:6      | Noticed a two-headed ogre
  6621 | D:6      | Killed a two-headed ogre
  6621 | D:6      | Reached XP level 9. HP: 29/69 MP: 11/11
  6734 | D:6      | Reached skill level 6 in Armour
  7164 | D:6      | Noticed a moth of wrath
  7164 | D:6      | Acquired the Shining One's first power
  7167 | D:6      | Found a bloodstained altar of Trog.
  8024 | D:7      | Found an iron altar of Okawaru.
  8889 | D:7      | Reached skill level 5 in Invocations
  9159 | D:8      | Reached skill level 7 in Armour
  9159 | D:8      | Reached XP level 10. HP: 65/77 MP: 13/13
  9544 | D:8      | Acquired the Shining One's second power
 10232 | D:8      | Found Fympuv's Distillery.
 10238 | D:8      | Found Xyon Ote's General Store.
 10263 | D:8      | Bought a +1 pair of boots of running for 401 gold pieces
 10595 | D:8      | Bought a scroll of teleportation for 33 gold pieces
 10595 | D:8      | Bought a scroll of fog for 22 gold pieces
 10599 | D:9      | Found a staircase to the Lair.
 10724 | D:9      | Killed from afar by a shadow imp

Vault maps used:
D:1:      scummos_arrival_gate
D:2:      uniq_crazy_yiuf_cottage
D:3:      nicolae_overflow_hidden_temple, first_bread, st_stairs_2
D:4:      kennysheep_mini_moat, fedhas_altar_3,
          minmay_temple_entry_statues_pillars, minivault_1
D:6:      grunt_temple_overflow_order_and_chaos_1, overflow_temple_1_default,
          tgw_trog
D:7:      lemuel_coloured_pillars_altar
D:8:      minmay_ornate_pinched, serial_shops, shop, shop,
          hangedman_pestilent_swarm
D:9:      lair_0_dummy, basic_altar
Temple:   roderic_octagonal_lattice_temple

Action                   |  1- 3 |  4- 6 |  7- 9 | 10-12 || total
-------------------------+-------+-------+-------+-------++-------
Melee: Long sword        |    98 |   244 |   619 |       ||   961
       Falchion          |       |       |    61 |   252 ||   313
Evoke: Wand              |       |       |     4 |       ||     4
  Use: Scroll            |       |       |    21 |     2 ||    23
  Eat: Chunk             |       |     8 |    16 |     5 ||    29
       Bread ration      |       |       |     1 |       ||     1
